cohdb
Replays
Latest Replays
All Replays
Popular Replays
Top Player Replays
Match Explorer
How It Works
Community
CoH3 Stats
Reddit
Sign in to upload your games and track your stats! →
Sign in with Steam
Match 45675010
Unlisted
Match 45675010
Overview
Messages
Build Orders
End
Construct Barracks
Selects Armored Battlegroup
Selects Veteran Crews
Engineer Squad
1⁄4-ton 4x4 Truck
Riflemen Squad
M1 Mortar Team
Riflemen Squad
Construct Weapon Support Center
M1919 Machine Gun Team
Bazooka Squad
Selects Strength in Steel
Infantry Support Center
Grenade Package
Construct Tank Depot
Selects Seek and Destroy
Selects UNKNOWN (2160077)
M4A3E8 Sherman Easy Eight
Construct Medical Station
M4A3E8 Sherman Easy Eight
.30 cal Machine Gun
Selects M31 Recovery Vehicle
M1918 Browning Automatic Rifles
.30 cal Machine Gun
M31 Recovery Vehicle
Selects War Machine
M4A3E8 Sherman Easy Eight
M18 Hellcat Tank Destroyer
Advanced Logistics
M31 Recovery Vehicle
[TW]S.C.
Kys-tier rat
Dejw1d
Rappy The Rapper
内裤里的恶魔
samurai.g
ModMapper
ionwood
0
0
Comments
sign in to comment!
No comments posted yet!